 Dungeon Crawl Stone Soup version 0.28-a0-1184-g53156a8862 (webtiles) character file.

Game seed: 9127031738936622724

227 avis the Insei (level 6, -3/42 HPs)
             Began as an Octopode Transmuter on Dec 17, 2021.
             Was an Initiate of Gozag.
             Killed from afar by a steam dragon (13 damage)
             ... with a ball of steam
             ... on level 4 of the Dungeon on Dec 18, 2021.
             The game lasted 00:20:44 (4387 turns).

avis the Insei (Octopode Transmuter)                Turns: 4387, Time: 00:20:45

Health: -3/42      AC:  6    Str: 11    XL:     6   Next: 2%
Magic:  7/9        EV: 19    Int: 16    God:    Gozag
Gold:   65         SH:  0    Dex: 17    Spells: 1/9 levels left

rFire   . . .      SeeInvis .     - Unarmed
rCold   . . .      Faith    .   (shield currently unavailable)
rNeg    . . .      Spirit   .   (helmet currently unavailable)
rPois   x          Reflect  .   (no amulet)
rElec   .          Harm     .   m - +4 ring of protection
rCorr   .          Rampage  .   (no ring)
Will    .....                   (no ring)
Stlth   ++........              (no ring)
HPRegen 0.14/turn               (no ring)
MPRegen 0.11/turn               (no ring)
                                (no ring)
                                (no ring)

@: spider-form (expiring)
A: venomous fangs, almost no armour, (amphibious), 8 rings, tiny, (camouflage
1), (gelatinous body 1), (nimble swimmer 1), (tentacles)
a: End Transformation, Renounce Religion, Potion Petition, Call Merchant, Bribe
Branch


You were on level 4 of the Dungeon.
You worshipped Gozag.
Gozag was noncommittal.
You were a venomous arachnid creature.
You visited 2 branches of the dungeon, and saw 5 of its levels.

You collected 91 gold pieces.
You paid 26 gold pieces to Gozag.

Inventory:

Missiles
 i - 28 poisoned darts
 o - 2 silver javelins
Jewellery
 m - a +4 ring of protection (left front leg)
Scrolls
 b - 2 scrolls of teleportation {unknown}
 e - a scroll of silence {unknown}
 g - a scroll of enchant armour {unknown}
 h - a scroll of immolation {unknown}
 l - a scroll of summoning {unknown}
Potions
 f - a potion of berserk rage
 k - a potion of curing
 n - a potion of magic


   Skills:
 - Level 3.0 Fighting
 - Level 2.0 Dodging
 - Level 2.0 Stealth
 - Level 5.0 Unarmed Combat
 - Level 2.0 Spellcasting
 + Level 2.3 Transmutations
 - Level 2.0 Poison Magic


You had one spell level left.
You knew the following spells:

 Your Spells              Type           Power      Damage    Failure   Level
a - Beastly Appendage     Tmut           18%        N/A       21%         1
p - Spider Form           Tmut/Pois      8%         N/A       47%         3
q - Ice Form              Ice/Tmut       5%         N/A       90%         4

Your spell library contained the following spells:

 Spells                   Type           Power      Damage    Failure   Level
 Wereblood                Tmut           9%         N/A       28%         2


Dungeon Overview and Level Annotations

Branches:
Dungeon (4/15)             Temple (1/1) D:4

Altars:
Ashenzari
Cheibriados
Dithmenos
Fedhas
Gozag
Hepliaklqana
Nemelex Xobeh
Okawaru
Qazlal
Ru
Sif Muna
Uskayaw
Wu Jian
Xom
Yredelemnul
Zin
The Shining One


Innate Abilities, Weirdness & Mutations

You are a venomous arachnid creature.
You have poisonous fangs.
You are tiny and dextrous.
Your spellcasting is less reliable in this form.
Your armour is entirely melded.
You are incapable of wielding weapons or throwing items.
You cannot wear most types of armour.
((You are amphibious.))
You can wear up to eight rings at the same time.
((Your skin changes colour to match your surroundings (Stealth+).))
((Your rubbery body absorbs attacks. (AC +1, EV +1)))
((You are camouflaged near water. (Stealth+)))
((You have tentacles for arms and can constrict up to eight enemies at once.))


Message History

The steam dragon hisses angrily.
Things that are here:
3 gold pieces; a +0 dagger The steam dragon closely misses you.
The steam dragon completely misses you.
You bite the steam dragon!
The steam dragon is moderately wounded.
The steam dragon closely misses you. The steam dragon claws you.
You hit the steam dragon but do no damage.
The steam dragon is poisoned.
The steam dragon is moderately wounded.
The steam dragon breathes steam at you. The ball of steam hits you!!
You hear an angry hiss.
The steam dragon bites you but does no damage.
The steam dragon misses you.
Things that are here:
3 gold pieces; a +0 dagger You barely miss the steam dragon.
The steam dragon is moderately wounded.
You are engulfed in a cloud of scalding steam.
The steam dragon barely misses you. x2
You hit the steam dragon but do no damage.
The steam dragon looks as sick as possible!
The steam dragon is moderately wounded.
The steam dragon misses you. x2
You hit the steam dragon.
The steam dragon is heavily wounded.
Your transformation is almost over.
The steam dragon bites you!
* * * LOW HITPOINT WARNING * * *
The steam dragon claws you but does no damage.
You barely miss the steam dragon.
The steam dragon is severely wounded.
The steam dragon breathes steam at you. The ball of steam misses you.
A wyvern comes into view.
The steam dragon breathes steam at you. The ball of steam hits you!
You die...
Your body crumbles into a pile of gold.

###......÷..#.##### #.#....#
##.##.##.##.##### #......#
#.##.#..##.#...######.######
$#............#..#............
..##.####..<.#............##.#
...# #..#####......#.#.##.#
##### #....#......#.#.#.....
#.##.#........#[≈≈.P♣♣
#....s..#.......≈≈P..P
####§####.....#..PP♣♣. #D#
#####.##..♣ #.# #.# ♣.♣
#$######.... P.. #.......l....
♣P. #.##.##......P ♣P. #.# #
D.. ..P #.#


You could see a steam dragon (very poisoned, catching breath).

Vanquished Creatures
  A scorpion (D:3)
  A jelly (D:4)
  Jessica (D:2)
  4 adders
  A worm (D:2)
  A dart slug (D:1)
  6 orcs
  5 bats
  6 endoplasms
  5 giant cockroaches
  5 goblins
  2 hobgoblins (D:1)
  3 jackals (D:1)
  7 quokkas
  5 ball pythons
  2 frilled lizards (D:1)
  7 kobolds
  4 rats
66 creatures vanquished.

Notes
Turn   | Place    | Note
-------+----------+-------------------------------------------
     0 | D:1      | avis the Octopode Transmuter began the quest for the Orb.
     0 | D:1      | Reached XP level 1. HP: 13/13 MP: 3/3
   166 | D:1      | Reached XP level 2. HP: 16/18 MP: 5/5
   465 | D:1      | Reached skill level 4 in Unarmed Combat
   747 | D:1      | Reached XP level 3. HP: 23/23 MP: 4/6
   752 | D:1      | Learned a level 3 spell: Spider Form
  1537 | D:2      | Found a broken altar of Ashenzari.
  1751 | D:2      | Reached skill level 1 in Poison Magic
  1920 | D:2      | Reached skill level 1 in Stealth
  2006 | D:2      | Noticed Jessica
  2012 | D:2      | Killed Jessica
  2013 | D:2      | Reached XP level 4. HP: 29/29 MP: 3/7
  2411 | D:3      | Noticed an eye of devastation
  2412 | D:3      | Noticed a floating eye
  2413 | D:3      | Noticed a scorpion
  2414 | D:3      | Found a faded altar of an unknown god.
  2500 | D:3      | Noticed a floating eye
  2507 | D:3      | Killed a scorpion
  2508 | D:3      | Reached XP level 5. HP: 34/34 MP: 5/8
  2535 | D:3      | Noticed a golden eye
  2852 | D:3      | Found a shimmering altar of Xom.
  3075 | D:3      | Reached skill level 5 in Unarmed Combat
  3095 | D:3      | Learned a level 4 spell: Ice Form
  3938 | D:4      | Found a staircase to the Ecumenical Temple.
  3963 | Temple   | Entered the Ecumenical Temple
  4141 | Temple   | Became a worshipper of Gozag Ym Sagoz the Greedy
  4221 | D:4      | Reached XP level 6. HP: 31/42 MP: 5/9
  4356 | D:4      | Noticed a steam dragon
  4383 | D:4      | Noticed a wyvern
  4387 | D:4      | Killed from afar by a steam dragon

Illustrated notes

Levels and vault maps discovered:
D:1:      dpeg_arrival_arbitrary_a, layout_basic
D:2:      layout_loops_cross, basic_altar, kennysheep_generic_room_2,
          uniq_jessica
D:3:      layout_basic, lemuel_round_altar,
          hellmonk_ecumenical_altar_watching_god,
          nicolae_concentric_dashed_squares_wild, minmay_statues_item,
          kennysheep_cross_room
D:4:      layout_loops_cross, nicolae_elyvilon_peaceful_grove,
          lemuel_tele_altar, minmay_temple_entry_large_hall
Temple:   regret_index_temple_sphere_string

Skill      XL: |  1  2  3  4  5 |
---------------+----------------+-----
Unarmed Combat | 4 5 |  5.0
Fighting       | 2 3 |  3.0
Poison Magic   | 2 |  2.0
Stealth        | 1 2 |  2.0
Dodging        | |  2.0
Spellcasting   | |  2.0
Transmutations | |  2.3

Action                   |  1- 3 |  4- 6 || total
-------------------------+-------+-------++-------
Melee: Unarmed           |    81 |    66 ||   147
       Constrict         |    24 |     3 ||    27
       Tentacles         |    14 |     2 ||    16
       Kick              |    21 |     4 ||    25
       Punch             |     5 |       ||     5
 Cast: Beastly Appendage |    29 |    14 ||    43
       Spider Form       |     1 |    11 ||    12
  Use: Scroll            |       |     4 ||     4
 Stab: Sleeping          |    10 |     3 ||    13
Armor: Skin              |     4 |     7 ||    11
Dodge: Dodged            |    36 |    48 ||    84

Table legend: (Time is in decaauts)
 A = Elapsed time spent in this place.
 B = Non-inter-level travel time spent in this place.
 C = Inter-level travel time spent in this place.
 D = Time resting spent in this place.
 E = Time spent auto-exploring this place.
 F = Levels seen in this place.
 G = Mean time per level.
                   A        B        C        D        E       F      G
               +--------+--------+--------+--------+--------+-----+--------+
         Total |   4382 |   3988 |    394 |    888 |   2249 |   5 |  876.4 |
       Dungeon |   4172 |   3833 |    339 |    888 |   2115 |   4 | 1043.0 |
        Temple |    209 |    154 |     55 |      0 |    134 |   1 |  209.0 |
               +--------+--------+--------+--------+--------+-----+--------+

Top non-repeatable levels by time:
     D:3: 1530 daAuts
     D:1: 1502 daAuts
     D:2: 882 daAuts
     D:4: 257 daAuts
  Temple: 209 daAuts
